 Dungeon Crawl Stone Soup version 0.21-a0-95-g06f091e (webtiles) character file.

249 Grim the Shooter (level 5, -2/41 HPs)
             Began as a Centaur Hunter on July 5, 2017.
             Slain by a worker ant (7 damage)
             ... on level 4 of the Dungeon.
             The game lasted 00:10:35 (3148 turns).

Grim the Shooter (Centaur Hunter)                   Turns: 3148, Time: 00:10:36

Health: -2/41      AC:  5    Str: 14    XL:     5   Next: 87%
Magic:  5/5        EV:  9    Int: 10    God:
Gold:   210        SH:  0    Dex: 16    Spells: 4/4 levels left

rFire    + . .     SeeInvis .     - Unarmed
rCold    x . .     Gourm    .   (no shield)
rNeg     . . .     Faith    .   m - +0 leather armour (curse)
rPois    .         Spirit   .   (no helmet)
rElec    .         Reflect  .   (no cloak)
rCorr    .         Harm     .   x - +0 pair of gloves
MR       .....                  (no barding)
Stlth    +.........             (no amulet)
HPRegen  0.13/turn              l - +5 ring of dexterity
MPRegen  0.09/turn              t - ring of fire

@: lethally poisoned (-2 -> -19), very quick
A: hooves 3, deformed body, speed 2, tough skin 3
a: no special abilities


You were on level 4 of the Dungeon.
You were hungry.

You visited 1 branch of the dungeon, and saw 4 of its levels.

You collected 210 gold pieces.

Inventory:

Hand Weapons
 a - a +1 shortbow
Missiles
 w - 15 arrows
Armour
 m - a cursed +0 leather armour (worn)
 u - a +0 scale mail
 x - a +0 pair of gloves (worn)
Jewellery
 l - a +5 ring of dexterity (left hand)
 p - an uncursed ring of flight
 t - a ring of fire (right hand)
Wands
 c - a wand of iceblast (8/15)
Scrolls
 b - a scroll of recharging
 d - a scroll of enchant weapon {unknown}
 i - 3 scrolls of teleportation
 o - a scroll of remove curse {unknown}
 r - a scroll of amnesia
 v - a scroll of enchant armour {unknown}
Potions
 e - a potion of brilliance
 q - a potion of mutation {!q}
 s - a potion of curing
Books
 n - a book of Minor Magic

   Spells                             Type                      Level
   a - Magic Dart                     Conjuration                  1
   b - Blink                          Translocation                2
   c - Call Imp                       Summoning                    2
   d - Slow                           Hexes                        2
   e - Conjure Flame                  Conjuration/Fire             3
   f - Mephitic Cloud                 Conjuration/Poison/Air       3
Comestibles
 f - 2 bread rations
 j - 4 fruits
 k - 3 meat rations


   Skills:
 - Level 2.0 Fighting
 + Level 7.7 Bows
 - Level 1.3 Dodging
 - Level 0.4 Stealth
 + Level 3.9 Unarmed Combat


You had 4 spell levels left.
You didn't know any spells.

Dungeon Overview and Level Annotations

Branches:
Dungeon (4/15)
 Temple: D:4-7

Altars:
Makhleb


Innate Abilities, Weirdness & Mutations

You have hooves in place of feet.
Armour fits poorly on your strangely shaped body.
You cover ground very quickly.
You have extremely tough skin. (AC +3)


Message History

You hit the worker ant.
The worker ant is severely wounded.
* * * LOW HITPOINT WARNING * * *
You feel sick. The worker ant closely misses you.
You barely miss the worker ant. You kick the worker ant.
The worker ant is severely wounded.
* * * LOW HITPOINT WARNING * * *
You feel sick.
The worker ant bites you but does no damage.
You hit the worker ant but do no damage.
You kick the worker ant.
The worker ant is almost dead.
* * * LOW HITPOINT WARNING * * *
You feel sick. The worker ant bites you.
* * * LOW HITPOINT WARNING * * *
You barely miss the worker ant.
The worker ant is almost dead.
* * * LOW HITPOINT WARNING * * *
You feel sick. The worker ant bites you!
You die...

## .# ## .#
...#+####.###
#..............#
#.a............#...
#......?.a@........
...........###....
............ .
...######....
####+## ......
#.....#### ....##
#........# ......
#........# ......
#........#


You could see a worker ant.

Vanquished Creatures
  A howler monkey (D:3)
  Ijyb (D:3)
  Robin (D:3)
  3 gnolls (D:2)
  5 adders
  A dart slug (D:3)
  5 leopard geckos
  3 orcs (D:3)
  2 ball pythons (D:1)
  5 giant cockroaches
  18 goblins
  12 hobgoblins
  4 jackals
  6 kobolds
  2 quokkas (D:3)
  11 bats
  A frilled lizard (D:3)
  5 rats (D:1)
86 creatures vanquished.

Notes
Turn   | Place    | Note
-------+----------+-------------------------------------------
     0 | D:1      | Grim the Centaur Hunter began the quest for the Orb.
     0 | D:1      | Reached XP level 1. HP: 17/17 MP: 1/1
   151 | D:1      | Reached skill level 1 in Unarmed Combat
   254 | D:1      | Reached XP level 2. HP: 24/24 MP: 2/2
   699 | D:1      | Reached XP level 3. HP: 29/29 MP: 3/3
   766 | D:1      | Reached skill level 6 in Bows
   902 | D:2      | Found a burning altar of Makhleb.
  1410 | D:2      | Reached XP level 4. HP: 35/36 MP: 4/4
  2007 | D:3      | Reached skill level 7 in Bows
  2007 | D:3      | Reached XP level 5. HP: 33/41 MP: 5/5
  2387 | D:3      | Noticed Robin
  2401 | D:3      | Killed Robin
  2680 | D:3      | Noticed Ijyb
  2729 | D:3      | Killed Ijyb
  3140 | D:4      | HP: 2/41 [worker ant (1)]
  3148 | D:4      | Slain by a worker ant

Vault maps used:
D:1:      dpeg_arrival_subterranean_lakeside_camping, minmay_shallow_snake_nest
D:2:      lemuel_round_altar
D:3:      uniq_ijyb, uniq_robin
D:4:      old_standard_altar, gammafunk_temple_overflow_arena,
          minmay_temple_entry_glassed_door, uniq_sigmund, uniq_duvessa

Skill      XL: |  1  2  3  4 |
---------------+-------------+-----
Unarmed Combat | 1 2 3 |  3.9
Bows           | 6 7 |  7.7
Fighting       | |  2.0
Dodging        | |  1.3
Stealth        | |  0.4

Action                   |  1- 3 |  4- 6 || total
-------------------------+-------+-------++-------
Melee: Short sword       |    43 |    18 ||    61
       Kick              |     8 |    39 ||    47
       Unarmed           |       |   132 ||   132
       Punch             |       |     2 ||     2
 Fire: Shortbow          |    86 |    53 ||   139
  Use: Scroll            |       |     5 ||     5
       Potion            |       |     1 ||     1
  Eat: Chunk             |     1 |     4 ||     5
Armor: Leather armour    |    27 |    23 ||    50
       Scale mail        |       |    20 ||    20
Dodge: Dodged            |    28 |    51 ||    79
